 Dungeon Crawl Stone Soup version 0.31.0-32-g396128a36d (webtiles) character file.

Game seed: 14284389850043124154

4795 monsoonserge the Grappler (level 10, -21/66 HPs)
             Began as an Octopode Shapeshifter on Apr 13, 2024.
             Was an Initiate of Gozag.
             Demolished by a white ugly thing (24 damage)
             ... on level 8 of the Dungeon.
             The game lasted 00:25:02 (7098 turns).

monsoonserge the Grappler (Octopode Shapeshifter)   Turns: 7098, Time: 00:25:03

Health: -21/66     AC:  1    Str: 19    XL:     10   Next: 48%
Magic:  11/11      EV: 19    Int: 18    God:    Gozag
Gold:   674        SH:  0    Dex: 17    Spells: 5/11 levels left

rFire   . .          .
                       - Unarmed
rCold   . . .        (shield currently unavailable)
rNeg    . . .        (helmet restricted)
rPois   .            (no amulet)
rElec   .            f - +6 ring of dexterity
rCorr   .            h - +4 ring of slaying
SInv    .            q - ring of wizardry
Will    .....        x - +4 ring of slaying
Stlth   ++           B - ring of flight
HPRegen 0.31/turn    C - +6 ring of intelligence
MPRegen 0.12/turn    (no ring)
                     (no ring)

%: wizardry (x1)
@: flux-form, flying, glowing
A: glow, contaminating, almost no armour, amphibious, 8 rings, camouflage 1,
gelatinous body 1, (nimble swimmer 1), tentacles
a: Begin Untransformation, Renounce Religion, Potion Petition, Call Merchant,
Bribe Branch


You were on level 8 of the Dungeon.
You worshipped Gozag.
Gozag was pleased with you.
You were something dangerously unstable.
You visited 2 branches of the dungeon, and saw 9 of its levels.

You collected 813 gold pieces.
You paid 139 gold pieces to Gozag.

Inventory:

Missiles
 d - 7 javelins
 r - 6 poisoned darts (quivered)
 w - 10 boomerangs
Armour
 G - a +0 tower shield
Jewellery
 f - a +6 ring of dexterity (left tentacle)
 h - a +4 ring of slaying (right tentacle)
 k - a ring of fire
 q - a ring of wizardry (on tentacle)
 x - a +4 ring of slaying (on tentacle)
 B - a ring of flight (on tentacle)
 C - a +6 ring of intelligence (on tentacle)
Talismans
 b - a beast talisman
 c - a flux talisman (active)
Wands
 s - a wand of mindburst (12)
 D - a wand of roots (24)
Scrolls
 a - 2 scrolls of poison {unknown}
 e - 2 scrolls of blinking
 i - a scroll of amnesia
 o - 2 scrolls of enchant armour {unknown}
 p - a scroll of enchant weapon
 u - 3 scrolls of teleportation {unknown}
 y - a scroll of torment
 z - a scroll of vulnerability {unknown}
 A - a scroll of fear {unknown}
 E - a scroll of silence {unknown}
 I - 3 scrolls of summoning {unknown}
Potions
 g - a potion of haste {unknown}
 j - a potion of brilliance {unknown}
 l - 2 potions of heal wounds
 n - 3 potions of enlightenment {unknown}
 t - 2 potions of magic
 v - 2 potions of curing
 F - a potion of degeneration {unknown}
 H - a potion of invisibility {unknown}
Miscellaneous
 m - a phantom mirror (inert)


   Skills:
 + Level 5.1 Fighting
 + Level 5.1 Dodging
 + Level 4.6 Stealth
 + Level 8.9 Unarmed Combat
 - Level 1.0 Spellcasting
 - Level 2.0 Conjurations
 - Level 2.0 Necromancy
 - Level 2.0 Air Magic
 - Level 3.0 Alchemy
 + Level 3.0 Evocations
 + Level 7.9 Shapeshifting


You had 5 spell levels left.
You knew the following spells:

 Your Spells              Type           Power      Damage    Failure   Level
a - Fugue of the Fallen   Necr           8%         N/A       11%         3
b - Mephitic Cloud        Conj/Alch/Air  9%         N/A       10%         3

Your spell library contained the following spells:

 Spells                   Type           Power      Damage    Failure   Level
 Magic Dart               Conj           32%        1d4       3%          1
 Necrotise                Necr           32%        1d5       3%          1
 Cigotuvi's Dreadful Rot  Necr/Alch/Air  18%        N/A       4%          2
 Foxfire                  Conj/Fire      16%        2x1d4     5%          1
 Searing Ray              Conj           16%        2d5       5%          2
 Slow                     Hex            0%         N/A       9%          1
 Vampiric Draining        Necr           8%         2d6       11%         3
 Dazzling Flash           Conj/Hex       8%         N/A       16%         3
 Confusing Touch          Hex            0%         N/A       24%         3
 Sigil of Binding         Hex            0%         N/A       24%         3
 Fulminant Prism          Conj/Alch      4%         3d5       26%         4
 Ignite Poison            Fire/Alch      6%         N/A       38%         4
 Alistair's Intoxication  Alch           7%         N/A       52%         5
 Cause Fear               Hex            0%         N/A       58%         4
 Curse of Agony           Necr           8%         N/A       65%         5
 Freezing Cloud           Conj/Ice/Air   2%         6-21      75%         5
 Fireball                 Conj/Fire      2%         3d4       78%         5
 Silence                  Hex/Air        2%         N/A       78%         5
 Haunt                    Necr/Summ      2%         N/A       100%        7
 Dragon's Call            Summ           0%         N/A       100%        9
 Fire Storm               Conj/Fire      2%         8d1       100%        9


Dungeon Overview and Level Annotations

Branches:
Dungeon (8/15)             Temple (1/1) D:7
   Lair: D:8-11

Altars:
Ashenzari
Cheibriados
Dithmenos
Elyvilon
Fedhas
Gozag
Hepliaklqana
Kikubaaqudgha
Makhleb
Nemelex Xobeh
Okawaru
Qazlal
Ru
Sif Muna
Trog
Uskayaw
Vehumet
Wu Jian
Xom
Yredelemnul
Zin
The Shining One

Shops:
D:3 :

Annotations:
D:8 7 runed translucent doors, AbbaRin's ghost, novice DECj; Logoto's ghost, novice HOBe; Winotaur's ghost, novice MiFi


Innate Abilities, Weirdness & Mutations

You are something dangerously unstable.
You glow with magical radiation, making you easy to see and hit.
Foes you strike become dangerously contaminated with magical radiation.
You are incapable of wielding weapons or throwing items.
You cannot wear most types of armour.
You are amphibious.
You can wear up to eight rings at the same time.
Your skin changes colour to match your surroundings (Stealth+).
Your rubbery body absorbs attacks. (AC +1, EV +1)
((You are camouflaged when in or above water. (Stealth+)))
You have tentacles for arms and can constrict up to eight enemies at once.


Message History

You see here a +0 hand axe.
You pick up a Trismegistus Codex and begin reading...
You add the spells Cigotuvi's Dreadful Rot, Ignite Poison and Freezing Cloud to your library.
Okay, then.
Found a runed translucent gate.
Found a chain mail.
AbbaRin's ghost turns its malevolent gaze towards you.
Winotaur's ghost turns its malevolent gaze towards you.
You see here a +0 shortbow.
There is a stone staircase leading down here.
A centaur comes into view.
A centaur is nearby!
The orc shouts!
You hear a shout! x2; You hear two shouts!
The two-headed ogre shouts in stereo!
The orc shouts!
You see here a +0 vampiric dagger.
The orc shouts!
There is an open door here.
You pick up the Disquisition on the Arsonist and the Beaker and begin reading...
It was the Disquisition on the Arsonist and the Beaker.
You add the spells Foxfire, Alistair's Intoxication and Fire Storm to your library.
A white ugly thing comes into view.
The white ugly thing gurgles horribly!
There is an open door here.
The white ugly thing punches you! The white ugly thing freezes you!!
Ouch! That really hurt!
* * * LOW HITPOINT WARNING * * *
You tentacle-slap the white ugly thing.
The white ugly thing begins to glow.
You grab the white ugly thing. You squeeze the white ugly thing.
The white ugly thing is lightly wounded.
You constrict the white ugly thing.
The white ugly thing completely misses you.
Aiming: Mindburst
Press: ? - help, Shift-Dir - straight line, f - white ugly thing
Aim: a white ugly thing (lightly wounded, constricted by you, contaminated, chance to affect: 60%)
The white ugly thing's mind is blasted!
You constrict the white ugly thing. The white ugly thing punches you!
* * * LOW HITPOINT WARNING * * *
The white ugly thing freezes you!!
You die...
Your body crumbles into a pile of gold.

......#......##....####...)##.#
......#####..#.###..##.##.#.#.#
......# #..#.#.##.####..#.#.#
....### #..#.##.#.##..###.#.##
....# #..#.#.##.##.##.#.#..#
##..# #..##...######)#.##..#
##.## #...###'# #'###...# .#.#
#.#.....######.......# ...#
#.#.##p##8..8##.###.## ...#
#.....u#8....8#.# #.# .#.#
######.+Oo....+.###.# .#.#
#.+oo....+.##..# .#.####
#.#8....8#.#..## .#.##.##
#.##8!}8##...## .#.#...##
#..######...##
.#......#########.)...)....#
.......>......###..###)##.##


You could see a white ugly thing (contam) and an orc wizard.

Vanquished Creatures
  A two-headed ogre (D:8)
  An unseen horror (D:7)
  A troll (D:8)
  A vampire (D:7)
  A wyvern (D:8)
  5 yaks
  Menkaure (D:6)
  3 water moccasins
  A black bear (D:6)
  A sky beast (D:8)
  An orc warrior (D:8)
  An ogre (D:4)
  3 centaurs
  A phantom (D:5)
  Blork the orc (D:6)
  4 bullfrogs
  2 scorpions
  3 howler monkeys (D:8)
  2 bombardier beetles
  2 hounds
  2 jellies
  9 orc priests
  An iguana (D:5)
  9 orc wizards
  Natasha (thrice) (D:2)
  3 gnolls
  7 adders
  2 shadow imps
  2 white imps
  4 ufetubi (D:5)
  A ribbon worm (D:3)
  4 dart slugs
  32 orcs
  6 bats
  4 endoplasms
  4 giant cockroaches
  4 goblins
  A hobgoblin (D:2)
  3 jackals (D:2)
  A quokka (D:2)
  3 ball pythons
  3 frilled lizards (D:2)
  6 kobolds
  6 rats
156 creatures vanquished.

Notes
Turn   | Place    | Note
-------+----------+-------------------------------------------
     0 | D:1      | monsoonserge the Octopode Shapeshifter began the quest for
                  | the Orb.
     0 | D:1      | Reached XP level 1. HP: 13/13 MP: 1/1
   135 | D:1      | Reached skill level 1 in Stealth
   186 | D:1      | Reached XP level 2. HP: 13/18 MP: 2/2
   710 | D:2      | Reached XP level 3. HP: 19/24 MP: 3/3
   745 | D:2      | Noticed Natasha
   758 | D:2      | Killed Natasha
   864 | D:2      | You fall into a shaft and drop 2 floors!
   871 | D:4      | Found a shimmering altar of Xom.
   928 | D:2      | Reached XP level 4. HP: 8/29 MP: 4/4
  1059 | D:2      | Reached skill level 4 in Unarmed Combat
  1107 | D:2      | Noticed Natasha
  1113 | D:2      | Killed Natasha
  1280 | D:2      | Reached XP level 5. HP: 30/34 MP: 5/5
  1581 | D:2      | Noticed Natasha
  1588 | D:2      | Killed Natasha
  1589 | D:2      | Reached skill level 5 in Unarmed Combat
  1753 | D:3      | Found a glowing golden altar of the Shining One.
  1759 | D:3      | Found a white marble altar of Elyvilon.
  1775 | D:3      | Reached XP level 6. HP: 25/39 MP: 6/6
  2070 | D:3      | Found Qisurakore's Book Shop.
  2317 | D:4      | Found a stormy altar of Qazlal.
  2328 | D:4      | Reached skill level 1 in Evocations
  2329 | D:4      | Reached XP level 7. HP: 22/46 MP: 7/7
  2332 | D:4      | Reached skill level 6 in Unarmed Combat
  2790 | D:4      | Got the Essays on Profane Arts
  2877 | D:5      | Entered Level 5 of the Dungeon
  3269 | D:5      | Noticed a yak
  3269 | D:5      | Noticed a yak
  3324 | D:5      | Noticed a yak
  3324 | D:5      | Noticed a yak
  3397 | D:4      | Killed a yak
  3398 | D:4      | Reached skill level 7 in Unarmed Combat
  3446 | D:5      | Killed a yak
  3447 | D:5      | Reached skill level 8 in Unarmed Combat
  3447 | D:5      | Reached XP level 8. HP: 32/52 MP: 8/8
  3566 | D:5      | Noticed a yak
  3666 | D:5      | Killed a yak
  3721 | D:5      | Killed a yak
  3722 | D:5      | Reached skill level 5 in Shapeshifting
  3729 | D:5      | Killed a yak
  4323 | D:6      | Reached XP level 9. HP: 50/56 MP: 9/9
  4427 | D:6      | Learned a level 3 spell: Fugue of the Fallen
  4431 | D:6      | Learned a level 3 spell: Mephitic Cloud
  4494 | D:6      | Noticed Menkaure
  4495 | D:6      | Noticed Blork the orc
  4577 | D:6      | Killed Menkaure
  4581 | D:6      | Killed Blork the orc
  5096 | D:7      | Found a staircase to the Ecumenical Temple.
  5105 | Temple   | Entered the Ecumenical Temple
  5117 | Temple   | Became a worshipper of Gozag Ym Sagoz the Greedy
  5707 | D:7      | Killed an unseen horror
  5708 | D:7      | Reached skill level 1 in Spellcasting
  5708 | D:7      | Reached skill level 1 in Conjurations
  5708 | D:7      | Reached skill level 1 in Necromancy
  5708 | D:7      | Reached skill level 1 in Air Magic
  5708 | D:7      | Reached skill level 1 in Alchemy
  6060 | D:8      | Found a large runed translucent door.
  6060 | D:8      | Noticed a manticore
  6061 | D:8      | Found a large runed translucent door.
  6062 | D:8      | Noticed a two-headed ogre
  6088 | D:8      | Found a large runed translucent door.
  6088 | D:8      | Found a large runed translucent door.
  6157 | D:8      | Reached XP level 10. HP: 56/65 MP: 11/11
  6749 | D:8      | Noticed a two-headed ogre
  6755 | D:8      | Killed a two-headed ogre
  6756 | D:8      | Reached skill level 5 in Fighting
  6756 | D:8      | Reached skill level 5 in Dodging
  6997 | D:8      | Found a runed translucent gate.
  6997 | D:8      | Found a runed translucent gate.
  6997 | D:8      | Found a runed translucent gate.
  7003 | D:8      | Noticed AbbaRin's ghost (novice DECj)
  7003 | D:8      | Noticed Winotaur's ghost (novice MiFi)
  7003 | D:8      | Noticed Logoto's ghost (novice HOBe)
  7081 | D:8      | Got the Disquisition on the Arsonist and the Beaker
  7094 | D:8      | Noticed a white ugly thing
  7098 | D:8      | HP: 3/66 [white ugly thing (16)]
  7098 | D:8      | Demolished by a white ugly thing

Illustrated notes

Levels and vault maps discovered:
D:1:      scummos_arrival_simple_fountains, layout_rooms,
          chequers_serial_rivers_small_b
D:2:      layout_basic, hangedman_abyss_or_decor_stabs, uniq_natasha
D:3:      layout_rooms, mainiacjoe_overflow_catwalk_spiral, serial_shops, shop
D:4:      layout_rooms, grunt_temple_overflow_open
D:5:      layout_basic
D:6:      layout_rooms, uniq_menkaure, uniq_blork_the_orc
D:7:      layout_gridville, minmay_temple_entry_steel_oval
D:8:      layout_loops_ring, gammafunk_ghost_cemetery,
          hangedman_decor_peaks_small, minmay_hollow_rounded_squares
Temple:   dpeg_three_leaves_temple

Skill      XL: |  1  2  3  4  5  6  7  8  9 10 |
---------------+-------------------------------+-----
Stealth        | 1 2 3 4 |  4.6
Fighting       | 2 3 4 5 |  5.1
Unarmed Combat | 4 5 8 |  8.9
Evocations     | 1 2 3 |  3.0
Dodging        | 3 4 5 |  5.1
Shapeshifting  | 6 7 |  7.9
Spellcasting   | 1 |  1.0
Conjurations   | 1 2 |  2.0
Necromancy     | 1 2 |  2.0
Air Magic      | 1 2 |  2.0
Alchemy        | 2 3 |  3.0

Action                     |  1- 3 |  4- 6 |  7- 9 | 10-12 || total
---------------------------+-------+-------+-------+-------++-------
  Melee: Unarmed           |    39 |    59 |   173 |    41 ||   312
         Constrict         |    10 |    16 |    37 |    12 ||    75
         Tentacles         |     8 |    12 |    41 |    13 ||    74
         Punch             |     1 |     2 |     5 |       ||     8
  Throw: Dart              |       |       |    13 |       ||    13
         Boomerang         |       |       |     2 |       ||     2
  Evoke: Wand              |       |     1 |       |     1 ||     2
         Phantom mirror    |       |       |       |     1 ||     1
    Use: Scroll            |       |       |     7 |       ||     7
         Potion            |       |       |     1 |       ||     1
   Stab: Sleeping          |     5 |     4 |     4 |     1 ||    14
         Distracted        |       |       |       |     2 ||     2
 Armour: Skin              |    20 |    17 |    90 |    21 ||   148
  Dodge: Dodged            |    28 |    36 |   104 |    21 ||   189
   Form: Flux              |       |       |     1 |       ||     1
